Lowell Devils vs Philadelphia Phantoms

Created - 16 février 2022 at 14:10

Goals
1 2 3 OT1 SO T
Lowell Devils 1 0 4 0 0 5
Philadelphia Phantoms 1 1 3 0 1 6
Shots
1 2 3 OT1 SO T
Lowell Devils 16 9 19 1 3 45
Philadelphia Phantoms 14 11 8 0 2 33

1st period

1. Philadelphia Phantoms , Lias Andersson 20 (Juuso Valimaki 22) at 9:11 (SH)
2. Lowell Devils , Akil Thomas 31 (Trent Frederic 7, Cole Perfetti 45) at 18:29

Penalties :
Martin Frk (PHA) for Hooking (Minor) at 3:52, Zayde Wisdom (PHA) for Roughing (Minor) at 8:25, A.J. Greer (PHA) for Roughing (Minor) at 12:27

2nd period

3. Philadelphia Phantoms , Tanner Kero 20 (Joey Anderson 11) at 19:37

Penalties :
Chase Priskie (PHA) for Fighting (Major) at 2:30, Samuel Bolduc (DEV) for Fighting (Major) at 2:30, Nikolai Knyzhov (DEV) for Hooking (Minor) at 10:54, Zayde Wisdom (PHA) for Holding (Minor) at 13:17, Givani Smith (PHA) for Hooking (Minor) at 17:29

3rd period

4. Philadelphia Phantoms , Givani Smith 11 (Juuso Valimaki 23, A.J. Greer 14) at 3:20
5. Lowell Devils , Akil Thomas 32 (Nikolai Knyzhov 20, Cole Perfetti 46) at 5:46
6. Lowell Devils , Trent Frederic 8 (Cole Perfetti 47, Akil Thomas 43) at 6:46 (PP)
7. Philadelphia Phantoms , A.J. Greer 11 (Zayde Wisdom 15) at 10:37
8. Lowell Devils , Cole Perfetti 25 (Akil Thomas 44, Trent Frederic 8) at 14:03
9. Lowell Devils , Radim Zohorna 15 (Cooper Marody 53, Cole Caufield 21) at 14:11
10. Philadelphia Phantoms , Zayde Wisdom 14 (Dryden Hunt 32, Martin Frk 36) at 19:01

Penalties :
Arttu Ruotsalainen (PHA) for Interference (Minor) at 6:34, Cooper Marody (DEV) for Tripping (Minor) at 11:26, Martin Frk (PHA) for Tripping (Minor) at 15:11

Overtime #1

No Goal

Penalties :
No Penalty

Shootout

Lowell Devils, Cooper Marody - Stopped by Cayden Primeau
Philadelphia Phantoms, Dryden Hunt - Stopped by Vasily Demchenko
Lowell Devils, Radim Zohorna - Stopped by Cayden Primeau
Philadelphia Phantoms, Jesper Boqvist - Goal!
Lowell Devils, Cole Caufield - Stopped by Cayden Primeau

Penalties :
No Penalty

Goalie Stats

Vasily Demchenko (DEV), 28 saves from 33 shots - (0,848), OTL, 10-6-4, 65:00 minutes
Cayden Primeau (PHA), 40 saves from 45 shots - (0,889), W, 22-7-7, 65:00 minutes

Players Stats for Lowell Devils

Player Name              G  A  P  +/- PIM S  H  SB GA TA FO     MP     PP MP  PK MP  
------------------------------------------------------------------------------------
Akil Thomas              2  2  4   0  0   3  2  0  1  0  1/1    17:10   5:33   0:06 
Brinson Pasichnuk        0  0  0  -1  0   1  2  1  0  1  0/0    23:57   5:12   1:46 
Cole Caufield            0  1  1   0  0   5  0  1  2  0  2/2    24:07   6:21   0:37 
Cole Perfetti            1  3  4   0  0   5  2  0  1  0  7/12   19:56   5:33   1:19 
Cooper Marody            0  1  1   0  2   2  3  0  0  0  26/37  25:31   6:20   0:56 
Evan Barratt             0  0  0   0  0   1  2  0  0  0  0/0     6:02   0:00   0:00 
Evan Bouchard            0  0  0  -1  0   0  1  1  0  0  0/0    24:40   5:12   2:24 
Jack Ahcan               0  0  0   0  0   0  0  0  0  0  0/0    12:19   0:00   0:37 
Jack Rathbone            0  0  0   0  0   0  0  0  0  0  0/0    12:34   0:00   0:22 
Jack Studnicka           0  0  0  -1  0   2  1  0  0  0  4/6    12:46   0:15   0:59 
Lane Pederson            0  0  0   0  0   1  0  0  0  0  2/3     6:02   0:00   0:00 
Matthew Phillips         0  0  0   0  0   0  0  0  0  0  0/0     6:02   0:00   0:00 
Nikolai Knyzhov          0  1  1   0  2   1  2  1  0  1  0/0    28:59   6:54   0:57 
Radim Zohorna            1  0  1   0  0   5  5  0  0  0  1/2    26:05   6:18   1:37 
Samuel Bolduc            0  0  0   0  5   1  0  0  0  0  0/0    27:47   6:54   1:50 
Trent Frederic           1  2  3   0  0   5  2  1  0  0  0/1    16:58   5:33   0:00 
Trey Fix-Wolansky        0  0  0  -1  0   7  1  0  1  1  0/2    12:41   0:15   0:57 
Vitaly Abramov           0  0  0  -1  0   6  1  0  0  0  1/2    12:23   0:10   1:25 

Players Stats for Philadelphia Phantoms

Player Name              G  A  P  +/- PIM S  H  SB GA TA FO     MP     PP MP  PK MP  
------------------------------------------------------------------------------------
A.J. Greer               1  1  2   3  2   2  1  0  0  1  0/0    18:09   0:39   0:58 
Alec Regula              0  0  0  -1  0   1  1  0  0  0  0/0    12:43   0:00   0:00 
Arttu Ruotsalainen       0  0  0  -3  2   1  1  0  0  0  3/8    16:29   1:29   2:47 
Chase Priskie            0  0  0   0  5   0  1  2  0  0  0/0    21:23   1:40   4:48 
Dean Kukan               0  0  0   0  0   0  2  1  0  0  0/0    22:39   1:40   4:48 
Dennis Cholowski         0  0  0   2  0   1  2  2  0  2  0/0    30:08   2:18   7:18 
Dryden Hunt              0  1  1  -2  0   2  2  2  1  1  4/13   27:19   2:00   6:36 
Givani Smith             1  0  1   2  2   3  3  0  0  0  0/1    12:05   0:13   0:00 
Jesper Boqvist           0  0  0  -1  0   7  0  1  0  0  10/30  26:02   2:03   6:48 
Joey Anderson            0  1  1   0  0   0  2  0  0  0  0/0    14:09   1:45   0:00 
Juuso Valimaki           0  2  2   2  0   3  1  1  1  1  0/0    30:19   2:18   7:18 
Lias Andersson           1  0  1   1  0   6  1  2  0  0  2/3     7:05   0:00   2:18 
Mackenzie Entwistle      0  0  0   0  0   0  0  0  0  0  0/1     0:31   0:00   0:00 
Martin Frk               0  1  1   1  4   2  3  1  1  0  2/2    23:11   2:00   2:55 
Ryan Merkley             0  0  0  -1  0   1  0  0  0  0  0/0    12:47   0:00   0:00 
Samuel Fagemo            0  0  0  -2  0   0  0  0  0  0  0/0     2:32   0:00   0:00 
Tanner Kero              1  0  1   0  0   2  3  0  0  0  0/2    14:11   1:45   0:00 
Zayde Wisdom             1  1  2   3  4   2  0  0  0  0  3/8    16:04   0:00   1:50 

3 Stars

1 - Akil Thomas (DEV)
2 - Cole Perfetti (DEV)
3 - Trent Frederic (DEV)

Power Play

Lowell Devils - 1 on 7 Attempt(s) - 14,29%
Philadelphia Phantoms - 0 on 2 Attempt(s) - 0,00%

Penalty Kill

Lowell Devils - 2 on 2 Attempt(s) - 100,00% - Score 0 goal in Penalty Kill
Philadelphia Phantoms - 6 on 7 Attempt(s) - 85,71% - Score 1 goal in Penalty Kill

Team Stat

Lowell Devils - Hits : 24 - Faceoff Wins : 44 - Blocked Shots : 5 - Penalty Minutes : 9
Philadelphia Phantoms - Hits : 23 - Faceoff Wins : 24 - Blocked Shots : 12 - Penalty Minutes : 19

Official

Referees : Furman South and Kelly Sutherland
Linesman : Travis Gawryletz and Andrew Smith

Game Notes

Lias Andersson is injured at 16:35 of 1st period (Strained Left Knee)
Chase Priskie beats up Samuel Bolduc at 2:30 of 2nd period

Finance

Level 1 -- Attendance: 1610 (80,50%) -- Ticket Income 56 350 $
Level 2 -- Attendance: 1000 (100,00%) -- Ticket Income 15 000 $
Total Attendance: 2610 (87,00%)
Total Ticket Income: 71 350 $
Other Income: 34 962 $
Total Income: 106 312 $

Lowell Devils

5 vs 5 Forward 
   Center                   Left Wing                Right Wing               Time % Phy DF OF 
 1 Cooper Marody            Radim Zohorna            Cole Caufield            40     1   2  2  
 2 Cole Perfetti            Trent Frederic           Akil Thomas              30     1   2  2  
 3 Jack Studnicka           Trey Fix-Wolansky        Vitaly Abramov           20     1   2  2  
 4 Lane Pederson            Evan Barratt             Matthew Phillips         10     1   2  2  

5 vs 5 Defense 
   Defense                  Defense                                           Time % Phy DF OF 
 1 Nikolai Knyzhov          Samuel Bolduc                                     40     1   2  2  
 2 Evan Bouchard            Brinson Pasichnuk                                 30     1   2  2  
 3 Jack Rathbone            Jack Ahcan                                        20     1   2  2  
 4 Nikolai Knyzhov          Samuel Bolduc                                     10     1   2  2  

PowerPlay Forward 
   Center                   Left Wing                Right Wing               Time % Phy DF OF 
 1 Cooper Marody            Radim Zohorna            Cole Caufield            60     1   2  2  
 2 Cole Perfetti            Trent Frederic           Akil Thomas              40     1   2  2  

PowerPlay Defense
   Defense                  Defense                                           Time % Phy DF OF 
 1 Nikolai Knyzhov          Samuel Bolduc                                     60     1   2  2  
 2 Evan Bouchard            Brinson Pasichnuk                                 40     1   2  2  

Penalty Kill 4 Players Forward 
   Center                   Wing                     Time % Phy DF OF 
 1 Cooper Marody            Radim Zohorna            60     1   2  2  
 2 Cole Caufield            Cole Perfetti            40     1   2  2  

Penalty Kill 4 Players Defense
   Defense                  Defense                  Time % Phy DF OF 
 1 Nikolai Knyzhov          Samuel Bolduc            60     1   2  2  
 2 Evan Bouchard            Brinson Pasichnuk        40     1   2  2  

Penalty Kill - 3 Players Forward 
   Forward                                           Time % Phy DF OF 
 1 Cooper Marody                                     60     1   2  2  
 2 Radim Zohorna                                     40     1   2  2  

Penalty Kill - 3 Players Defense
   Defense                  Defense                  Time % Phy DF OF 
 1 Nikolai Knyzhov          Samuel Bolduc            60     1   2  2  
 2 Evan Bouchard            Brinson Pasichnuk        40     1   2  2  

4 vs 4 Forward 
   Center                   Wing                     Time % Phy DF OF 
 1 Cooper Marody            Radim Zohorna            60     1   2  2  
 2 Cole Caufield            Cole Perfetti            40     1   2  2  

4 vs 4 Defense
   Defense                  Defense                  Time % Phy DF OF 
 1 Nikolai Knyzhov          Samuel Bolduc            60     1   2  2  
 2 Evan Bouchard            Brinson Pasichnuk        40     1   2  2  

Last Minutes Offensive
   Center                   Left Wing                Right Wing               Defense                  Defense                  
   Cooper Marody            Radim Zohorna            Cole Caufield            Nikolai Knyzhov          Samuel Bolduc            

Last Minutes Defensive
   Center                   Left Wing                Right Wing               Defense                  Defense                  
   Cooper Marody            Radim Zohorna            Cole Caufield            Nikolai Knyzhov          Samuel Bolduc            

Goaltenders
Starting : Vasily Demchenko         
Backup : Ryan Miller              

Extra Forwards
Normal : Trey Fix-Wolansky, Jack Studnicka, Vitaly Abramov - PP : Trey Fix-Wolansky, Jack Studnicka - PK : Vitaly Abramov
Extra Defensemen
Normal : Jack Rathbone, Jack Ahcan, Evan Bouchard - PP : Jack Rathbone - PK : Jack Ahcan, Evan Bouchard
Penalty Shots
Cooper Marody, Radim Zohorna, Cole Caufield, Cole Perfetti, Akil Thomas

Scratches
Filip Chlapik (Healthy), Jan Jenik (Healthy), Kyle Capobianco (Back Surgery Injury), Daniel Brickley (Healthy), Ivan Chekhovich (Healthy)
Mac Hollowell (Healthy), Shane Bowers (Healthy), Matt Kiersted (Healthy), Zach Sawchenko (Healthy), Dustin Wolf (Healthy)
Trevin Kozlowski (Healthy)

Philadelphia Phantoms

5 vs 5 Forward 
   Center                   Left Wing                Right Wing               Time % Phy DF OF 
 1 Jesper Boqvist           Dryden Hunt              Martin Frk               40     1   2  2  
 2 Lias Andersson           Tanner Kero              Joey Anderson            30     1   2  2  
 3 Zayde Wisdom             A.J. Greer               Givani Smith             20     1   2  2  
 4 Arttu Ruotsalainen       Samuel Fagemo            Dryden Hunt              10     1   2  2  

5 vs 5 Defense 
   Defense                  Defense                                           Time % Phy DF OF 
 1 Dennis Cholowski         Juuso Valimaki                                    38     1   2  2  
 2 Dean Kukan               Chase Priskie                                     34     1   2  2  
 3 Alec Regula              Ryan Merkley                                      28     1   2  2  
 4 Dennis Cholowski         Juuso Valimaki                                    0      1   2  2  

PowerPlay Forward 
   Center                   Left Wing                Right Wing               Time % Phy DF OF 
 1 Jesper Boqvist           Dryden Hunt              Martin Frk               60     1   2  2  
 2 Lias Andersson           Tanner Kero              Joey Anderson            40     1   2  2  

PowerPlay Defense
   Defense                  Defense                                           Time % Phy DF OF 
 1 Dennis Cholowski         Juuso Valimaki                                    60     1   2  2  
 2 Dean Kukan               Chase Priskie                                     40     1   2  2  

Penalty Kill 4 Players Forward 
   Center                   Wing                     Time % Phy DF OF 
 1 Dryden Hunt              Jesper Boqvist           60     1   2  2  
 2 Martin Frk               Lias Andersson           40     1   2  2  

Penalty Kill 4 Players Defense
   Defense                  Defense                  Time % Phy DF OF 
 1 Dennis Cholowski         Juuso Valimaki           60     1   2  2  
 2 Dean Kukan               Chase Priskie            40     1   2  2  

Penalty Kill - 3 Players Forward 
   Forward                                           Time % Phy DF OF 
 1 Dryden Hunt                                       60     1   2  2  
 2 Jesper Boqvist                                    40     1   2  2  

Penalty Kill - 3 Players Defense
   Defense                  Defense                  Time % Phy DF OF 
 1 Dennis Cholowski         Juuso Valimaki           60     1   2  2  
 2 Dean Kukan               Chase Priskie            40     1   2  2  

4 vs 4 Forward 
   Center                   Wing                     Time % Phy DF OF 
 1 Dryden Hunt              Jesper Boqvist           60     1   2  2  
 2 Martin Frk               Lias Andersson           40     1   2  2  

4 vs 4 Defense
   Defense                  Defense                  Time % Phy DF OF 
 1 Dennis Cholowski         Juuso Valimaki           60     1   2  2  
 2 Dean Kukan               Chase Priskie            40     1   2  2  

Last Minutes Offensive
   Center                   Left Wing                Right Wing               Defense                  Defense                  
   Jesper Boqvist           Dryden Hunt              Martin Frk               Dennis Cholowski         Juuso Valimaki           

Last Minutes Defensive
   Center                   Left Wing                Right Wing               Defense                  Defense                  
   Jesper Boqvist           Dryden Hunt              Martin Frk               Dennis Cholowski         Juuso Valimaki           

Goaltenders
Starting : Cayden Primeau           
Backup : Hunter Miska             

Extra Forwards
Normal : Arttu Ruotsalainen, A.J. Greer, Zayde Wisdom - PP : Arttu Ruotsalainen, A.J. Greer - PK : Zayde Wisdom
Extra Defensemen
Normal : Alec Regula, Ryan Merkley, Dean Kukan - PP : Alec Regula - PK : Ryan Merkley, Juuso Valimaki
Penalty Shots
Dryden Hunt, Jesper Boqvist, Martin Frk, Lias Andersson, Tanner Kero

Scratches
Joey Keane (Healthy), Jan Mysak (Healthy), Tyler Madden (Healthy), Arsen Khisamutdinov (Healthy), Cole Schwindt (Healthy)
Jeremy Groleau (Healthy), Alexander Holtz (Healthy), Max Martin (Healthy), Oscar Dansk (Healthy), Connor LaCouvee (Healthy)
Jiri Patera (Healthy)

% Time on Ice - Lowell Devils

Lines # - Real PCT - Wanted PCT - Time Play
Normal Forward
1 - 38% - 40% - 16:27
2 - 27% - 30% - 11:38
3 - 22% - 20% - 9:38
4 - 14% - 10% - 6:02
Normal Defense
1 - 43% - 40% - 18:36
2 - 30% - 30% - 13:18
3 - 24% - 20% - 10:17
4 - 4% - 10% - 1:34
PP Forward
1 - 54% - 60% - 6:33
2 - 46% - 40% - 5:33
PP Defense
1 - 57% - 60% - 6:54
2 - 43% - 40% - 5:12
PK Forward
1 - 84% - 60% - 3:21
2 - 16% - 40% - 0:37
PK Defense
1 - 55% - 60% - 2:12
2 - 45% - 40% - 1:46
PK3 Forward
1 - 0% - 60%
2 - 0% - 40%
PK3 Defense
1 - 0% - 60%
2 - 0% - 40%
44 Forward
1 - 70% - 60% - 3:30
2 - 30% - 40% - 1:30
44 Defense
1 - 51% - 60% - 2:32
2 - 49% - 40% - 2:28
Last Minute Offensive  - 0:00
Last Minute Defensive  - 0:11
Total
Forward - 65:00
Defense - 65:00

% Time on Ice - Philadelphia Phantoms

Lines # - Real PCT - Wanted PCT - Time Play
Normal Forward
1 - 34% - 40% - 14:51
2 - 36% - 30% - 15:48
3 - 25% - 20% - 10:59
4 - 5% - 10% - 2:01
Normal Defense
1 - 39% - 38% - 17:09
2 - 34% - 34% - 14:41
3 - 27% - 28% - 11:49
4 - 0% - 0% - 0:00
PP Forward
1 - 50% - 60% - 2:00
2 - 50% - 40% - 1:58
PP Defense
1 - 58% - 60% - 2:18
2 - 42% - 40% - 1:40
PK Forward
1 - 61% - 60% - 7:22
2 - 39% - 40% - 4:44
PK Defense
1 - 60% - 60% - 7:18
2 - 40% - 40% - 4:48
PK3 Forward
1 - 0% - 60%
2 - 0% - 40%
PK3 Defense
1 - 0% - 60%
2 - 0% - 40%
44 Forward
1 - 73% - 60% - 3:38
2 - 27% - 40% - 1:22
44 Defense
1 - 56% - 60% - 2:49
2 - 44% - 40% - 2:11
Last Minute Offensive  - 0:17
Last Minute Defensive  - 0:00
Total
Forward - 65:00
Defense - 65:00

Play-by-Play

1st period


0:01 of 1st period - Cooper Marody wins face-off versus Jesper Boqvist in neutral zone.
0:06 of 1st period - Backhand shot by Cole Caufield.
0:06 of 1st period - Stopped by Cayden Primeau with a rebound.
1:08 of 1st period - Ryan Merkley is hit by Brinson Pasichnuk and loses puck.
1:37 of 1st period - Wrist shot by Lias Andersson.
1:37 of 1st period - Stopped by Vasily Demchenko with a rebound.
2:13 of 1st period - Snap shot by Trey Fix-Wolansky.
2:13 of 1st period - Shot Blocked by Lias Andersson.
2:32 of 1st period - Wrist shot by Lane Pederson.
2:32 of 1st period - Deflect By Matthew Phillips.
2:32 of 1st period - Shot Misses the Net.
2:32 of 1st period - Puck is out of play.
2:33 of 1st period - Zayde Wisdom wins face-off versus Cooper Marody in Philadelphia Phantoms zone.
2:44 of 1st period - Wrist shot by Zayde Wisdom.
2:44 of 1st period - Shot Misses the Net.
2:55 of 1st period - Icing by Brinson Pasichnuk.
2:56 of 1st period - Cole Perfetti wins face-off versus Lias Andersson in Lowell Devils zone.
2:56 of 1st period - Cole Perfetti is hit by Tanner Kero.
3:22 of 1st period - Cooper Marody is hit by Alec Regula and loses puck.
3:31 of 1st period - Snap shot by Jesper Boqvist.
3:31 of 1st period - Stopped by Vasily Demchenko without a rebound.
3:32 of 1st period - Jack Studnicka wins face-off versus Jesper Boqvist in Lowell Devils zone.
3:39 of 1st period - Off-side.
3:40 of 1st period - Jack Studnicka wins face-off versus Jesper Boqvist in neutral zone.
3:47 of 1st period - Snap shot by Vitaly Abramov.
3:47 of 1st period - Stopped by Cayden Primeau with a rebound.
3:49 of 1st period - Slapshot by Samuel Bolduc.
3:49 of 1st period - Deflect By Trey Fix-Wolansky.
3:49 of 1st period - Stopped by Cayden Primeau without a rebound.
3:50 of 1st period - Jesper Boqvist wins face-off versus Cooper Marody in Philadelphia Phantoms zone.
3:52 of 1st period - Minor Penalty to Martin Frk for Hooking.
3:53 of 1st period - Cooper Marody wins face-off versus Jesper Boqvist in Philadelphia Phantoms zone.
4:18 of 1st period - Nikolai Knyzhov is hit by Lias Andersson and loses puck.
4:45 of 1st period - Jesper Boqvist is hit by Radim Zohorna and loses puck.
5:52 of 1st period - Penalty to Martin Frk is over, Martin Frk is back on ice.
6:00 of 1st period - Wrist shot by Trey Fix-Wolansky.
6:00 of 1st period - Stopped by Cayden Primeau without a rebound.
6:01 of 1st period - Zayde Wisdom wins face-off versus Trey Fix-Wolansky in Philadelphia Phantoms zone.
6:08 of 1st period - Slapshot by A.J. Greer.
6:08 of 1st period - Shot Misses the Net.
6:16 of 1st period - Snap shot by Trey Fix-Wolansky.
6:16 of 1st period - Stopped by Cayden Primeau without a rebound.
6:17 of 1st period - Lias Andersson wins face-off versus Cole Perfetti in Philadelphia Phantoms zone.
6:51 of 1st period - Snap shot by Martin Frk.
6:51 of 1st period - Shot Blocked by Nikolai Knyzhov.
7:05 of 1st period - Juuso Valimaki is hit by Cooper Marody and loses puck.
7:33 of 1st period - Wrist shot by Vitaly Abramov.
7:33 of 1st period - Stopped by Cayden Primeau with a rebound.
7:35 of 1st period - Snap shot by Trey Fix-Wolansky.
7:35 of 1st period - Shot Misses the Net.
8:25 of 1st period - Minor Penalty to Zayde Wisdom for Roughing.
8:26 of 1st period - Cooper Marody wins face-off versus Dryden Hunt in Philadelphia Phantoms zone.
8:26 of 1st period - Slapshot by Radim Zohorna.
8:26 of 1st period - Stopped by Cayden Primeau without a rebound.
8:27 of 1st period - Cooper Marody wins face-off versus Dryden Hunt in Philadelphia Phantoms zone.
8:28 of 1st period - Wrist shot by Radim Zohorna.
8:28 of 1st period - Stopped by Cayden Primeau without a rebound.
8:29 of 1st period - Cooper Marody wins face-off versus Dryden Hunt in Philadelphia Phantoms zone.
8:36 of 1st period - Slapshot by Cole Caufield.
8:36 of 1st period - Shot Blocked by Dryden Hunt.
8:38 of 1st period - Backhand shot by Nikolai Knyzhov.
8:38 of 1st period - Stopped by Cayden Primeau without a rebound.
8:39 of 1st period - Dryden Hunt wins face-off versus Cooper Marody in Philadelphia Phantoms zone.
9:06 of 1st period - Nikolai Knyzhov is hit by Martin Frk and loses puck.
9:11 of 1st period - Slapshot by Lias Andersson.
9:11 of 1st period - Goal by Lias Andersson - Lowell Devils : 0 - Philadelphia Phantoms : 1.
9:12 of 1st period - Dryden Hunt wins face-off versus Cooper Marody in neutral zone.
10:25 of 1st period - Penalty to Zayde Wisdom is over, Zayde Wisdom is back on ice.
10:34 of 1st period - A.J. Greer is hit by Radim Zohorna and loses puck.
10:46 of 1st period - Off-side.
10:47 of 1st period - Jack Studnicka wins face-off versus Tanner Kero in neutral zone.
10:50 of 1st period - Slapshot by Trey Fix-Wolansky.
10:50 of 1st period - Shot Misses the Net.
11:40 of 1st period - Wrist shot by Trey Fix-Wolansky.
11:40 of 1st period - Stopped by Cayden Primeau without a rebound.
11:41 of 1st period - Lias Andersson wins face-off versus Cooper Marody in Philadelphia Phantoms zone.
11:46 of 1st period - Cole Caufield is hit by Chase Priskie and loses puck.
11:51 of 1st period - Wrist shot by Lias Andersson.
11:51 of 1st period - Stopped by Vasily Demchenko with a rebound.
12:07 of 1st period - Givani Smith is hit by Cole Perfetti and loses puck.
12:27 of 1st period - Minor Penalty to A.J. Greer for Roughing.
12:28 of 1st period - Dryden Hunt wins face-off versus Cooper Marody in Philadelphia Phantoms zone.
12:42 of 1st period - Backhand shot by Radim Zohorna.
12:42 of 1st period - Shot Blocked by Juuso Valimaki.
12:49 of 1st period - Icing by Nikolai Knyzhov.
12:50 of 1st period - Martin Frk wins face-off versus Cooper Marody in Lowell Devils zone.
12:59 of 1st period - Snap shot by Martin Frk.
12:59 of 1st period - Stopped by Vasily Demchenko with a rebound.
13:01 of 1st period - Snap shot by Martin Frk.
13:01 of 1st period - Stopped by Vasily Demchenko with a rebound.
13:03 of 1st period - Wrist shot by Lias Andersson.
13:03 of 1st period - Stopped by Vasily Demchenko with a rebound.
13:05 of 1st period - Wrist shot by Lias Andersson.
13:05 of 1st period - Shot Misses the Net.
13:15 of 1st period - Akil Thomas is hit by Dryden Hunt and loses puck.
13:24 of 1st period - Wrist shot by Cole Perfetti.
13:24 of 1st period - Shot Misses the Net.
13:26 of 1st period - Backhand shot by Trent Frederic.
13:26 of 1st period - Stopped by Cayden Primeau with a rebound.
13:58 of 1st period - Martin Frk is hit by Akil Thomas and loses puck.
14:27 of 1st period - Penalty to A.J. Greer is over, A.J. Greer is back on ice.
14:40 of 1st period - A.J. Greer is hit by Brinson Pasichnuk and loses puck.
14:59 of 1st period - Wrist shot by Lias Andersson.
14:59 of 1st period - Stopped by Vasily Demchenko with a rebound.
15:01 of 1st period - Slapshot by Chase Priskie.
15:01 of 1st period - Deflect By Lias Andersson.
15:01 of 1st period - Stopped by Vasily Demchenko with a rebound.
15:09 of 1st period - Evan Bouchard is hit by Martin Frk and loses puck.
15:26 of 1st period - Slapshot by Evan Bouchard.
15:26 of 1st period - Shot Misses the Net.
15:28 of 1st period - Snap shot by Trey Fix-Wolansky.
15:28 of 1st period - Shot Misses the Net.
16:04 of 1st period - Wrist shot by Vitaly Abramov.
16:04 of 1st period - Shot Misses the Net.
16:06 of 1st period - Wrist shot by Jack Studnicka.
16:06 of 1st period - Stopped by Cayden Primeau with a rebound.
16:08 of 1st period - Snap shot by Brinson Pasichnuk.
16:08 of 1st period - Shot Blocked by Dean Kukan.
16:14 of 1st period - Snap shot by Jack Studnicka.
16:14 of 1st period - Stopped by Cayden Primeau with a rebound.
16:16 of 1st period - Backhand shot by Trey Fix-Wolansky.
16:16 of 1st period - Shot Misses the Net.
16:35 of 1st period - Slapshot by Evan Bouchard.
16:35 of 1st period - Shot Blocked by Lias Andersson.
16:35 of 1st period - Lias Andersson from Philadelphia Phantoms is injured at 16:35 of 1st period (Strained Left Knee).
16:36 of 1st period - Cooper Marody wins face-off versus Jesper Boqvist in Philadelphia Phantoms zone.
16:37 of 1st period - Slapshot by Cole Caufield.
16:37 of 1st period - Stopped by Cayden Primeau with a rebound.
16:49 of 1st period - Slapshot by Jesper Boqvist.
16:49 of 1st period - Stopped by Vasily Demchenko with a rebound.
16:51 of 1st period - Slapshot by Juuso Valimaki.
16:51 of 1st period - Stopped by Vasily Demchenko with a rebound.
18:02 of 1st period - A.J. Greer is hit by Trey Fix-Wolansky and loses puck.
18:27 of 1st period - Wrist shot by Trent Frederic.
18:27 of 1st period - Shot Blocked by Dryden Hunt.
18:29 of 1st period - Snap shot by Akil Thomas.
18:29 of 1st period - Goal by Akil Thomas - Lowell Devils : 1 - Philadelphia Phantoms : 1.
18:30 of 1st period - Cooper Marody wins face-off versus Jesper Boqvist in neutral zone.
18:33 of 1st period - Snap shot by Cole Caufield.
18:33 of 1st period - Shot Misses the Net.
18:38 of 1st period - Off-side.
18:39 of 1st period - Cole Caufield wins face-off versus Jesper Boqvist in neutral zone.
18:54 of 1st period - Dryden Hunt is hit by Radim Zohorna and loses puck.
19:11 of 1st period - Juuso Valimaki is hit by Cooper Marody and loses puck.
19:29 of 1st period - Snap shot by Jesper Boqvist.
19:29 of 1st period - Stopped by Vasily Demchenko with a rebound.
19:31 of 1st period - Slapshot by Dennis Cholowski.
19:31 of 1st period - Deflect By Cole Caufield.
19:31 of 1st period - Stopped by Vasily Demchenko with a rebound.
19:33 of 1st period - Wrist shot by Jesper Boqvist.
19:33 of 1st period - Stopped by Vasily Demchenko without a rebound.
19:34 of 1st period - Akil Thomas wins face-off versus Arttu Ruotsalainen in Lowell Devils zone.
19:39 of 1st period - Snap shot by Cole Perfetti.
19:39 of 1st period - Stopped by Cayden Primeau without a rebound.
19:40 of 1st period - Arttu Ruotsalainen wins face-off versus Cole Perfetti in Philadelphia Phantoms zone.
Goals for this period are 1 for Lowell Devils vs 1 for Philadelphia Phantoms.
Shots for this period are 16 for Lowell Devils vs 14 for Philadelphia Phantoms.

2nd period


0:01 of 2nd period - Cooper Marody wins face-off versus Dryden Hunt in neutral zone.
0:04 of 2nd period - Jesper Boqvist is hit by Nikolai Knyzhov and loses puck.
0:09 of 2nd period - Wrist shot by Cole Caufield.
0:09 of 2nd period - Shot Misses the Net.
0:11 of 2nd period - Snap shot by Cooper Marody.
0:11 of 2nd period - Shot Misses the Net.
0:25 of 2nd period - Nikolai Knyzhov is hit by Givani Smith.
0:43 of 2nd period - Icing by Samuel Bolduc.
0:44 of 2nd period - Cole Perfetti wins face-off versus Arttu Ruotsalainen in Lowell Devils zone.
0:49 of 2nd period - Snap shot by Akil Thomas.
0:49 of 2nd period - Stopped by Cayden Primeau with a rebound.
1:43 of 2nd period - Snap shot by Trey Fix-Wolansky.
1:43 of 2nd period - Stopped by Cayden Primeau without a rebound.
1:44 of 2nd period - Zayde Wisdom wins face-off versus Jack Studnicka in Philadelphia Phantoms zone.
1:54 of 2nd period - Icing by Zayde Wisdom.
1:55 of 2nd period - Cooper Marody wins face-off versus Zayde Wisdom in Philadelphia Phantoms zone.
2:15 of 2nd period - Snap shot by Zayde Wisdom.
2:15 of 2nd period - Deflect By Givani Smith.
2:15 of 2nd period - Stopped by Vasily Demchenko with a rebound.
2:25 of 2nd period - Wrist shot by Cole Perfetti.
2:25 of 2nd period - Shot Misses the Net.
2:27 of 2nd period - Slapshot by Trent Frederic.
2:27 of 2nd period - Shot Blocked by Chase Priskie.
2:29 of 2nd period - Slapshot by Cole Perfetti.
2:29 of 2nd period - Shot Misses the Net.
2:30 of 2nd period - Chase Priskie beats up Samuel Bolduc.
2:30 of 2nd period - Penalty to Chase Priskie for Fighting.
2:30 of 2nd period - Penalty to Samuel Bolduc for Fighting.
2:31 of 2nd period - Cooper Marody wins face-off versus Jesper Boqvist in Philadelphia Phantoms zone.
3:14 of 2nd period - Icing by Alec Regula.
3:15 of 2nd period - Lane Pederson wins face-off versus Arttu Ruotsalainen in Philadelphia Phantoms zone.
3:18 of 2nd period - Wrist shot by Radim Zohorna.
3:18 of 2nd period - Stopped by Cayden Primeau with a rebound.
3:40 of 2nd period - Wrist shot by Arttu Ruotsalainen.
3:40 of 2nd period - Shot Blocked by Cole Caufield.
3:42 of 2nd period - Snap shot by Arttu Ruotsalainen.
3:42 of 2nd period - Stopped by Vasily Demchenko with a rebound.
3:44 of 2nd period - Slapshot by Alec Regula.
3:44 of 2nd period - Stopped by Vasily Demchenko with a rebound.
4:12 of 2nd period - Alec Regula is hit by Radim Zohorna and loses puck.
4:34 of 2nd period - Snap shot by Joey Anderson.
4:34 of 2nd period - Shot Blocked by Evan Bouchard.
4:36 of 2nd period - Snap shot by Ryan Merkley.
4:36 of 2nd period - Deflect By Cooper Marody.
4:36 of 2nd period - Stopped by Vasily Demchenko with a rebound.
4:38 of 2nd period - Slapshot by Alec Regula.
4:38 of 2nd period - Deflect By Tanner Kero.
4:38 of 2nd period - Stopped by Vasily Demchenko without a rebound.
4:39 of 2nd period - Cole Perfetti wins face-off versus Jesper Boqvist in Lowell Devils zone.
4:54 of 2nd period - Cole Perfetti is hit by Juuso Valimaki and loses puck.
6:27 of 2nd period - Zayde Wisdom is hit by Evan Barratt and loses puck.
6:59 of 2nd period - Juuso Valimaki is hit by Evan Bouchard.
7:25 of 2nd period - Slapshot by Vitaly Abramov.
7:25 of 2nd period - Deflect By Trey Fix-Wolansky.
7:25 of 2nd period - Stopped by Cayden Primeau with a rebound.
7:50 of 2nd period - Icing by Radim Zohorna.
7:51 of 2nd period - Cooper Marody wins face-off versus Mackenzie Entwistle in Lowell Devils zone.
8:28 of 2nd period - Jesper Boqvist is hit by Jack Studnicka.
9:03 of 2nd period - Icing by Cooper Marody.
9:04 of 2nd period - Arttu Ruotsalainen wins face-off versus Cole Perfetti in Lowell Devils zone.
9:28 of 2nd period - Off-side.
9:29 of 2nd period - Cooper Marody wins face-off versus Arttu Ruotsalainen in neutral zone.
9:36 of 2nd period - Slapshot by Cole Caufield.
9:36 of 2nd period - Stopped by Cayden Primeau without a rebound.
9:37 of 2nd period - Cooper Marody wins face-off versus Jesper Boqvist in Philadelphia Phantoms zone.
9:46 of 2nd period - Snap shot by Cooper Marody.
9:46 of 2nd period - Stopped by Cayden Primeau without a rebound.
9:47 of 2nd period - Cooper Marody wins face-off versus Jesper Boqvist in Philadelphia Phantoms zone.
9:52 of 2nd period - Backhand shot by Radim Zohorna.
9:52 of 2nd period - Stopped by Cayden Primeau without a rebound.
9:53 of 2nd period - Jesper Boqvist wins face-off versus Cooper Marody in Philadelphia Phantoms zone.
10:00 of 2nd period - Slapshot by Dennis Cholowski.
10:00 of 2nd period - Deflect By Dryden Hunt.
10:00 of 2nd period - Deflect By Samuel Bolduc.
10:00 of 2nd period - Stopped by Vasily Demchenko with a rebound.
10:02 of 2nd period - Snap shot by Jesper Boqvist.
10:02 of 2nd period - Stopped by Vasily Demchenko with a rebound.
10:04 of 2nd period - Snap shot by Martin Frk.
10:04 of 2nd period - Shot Misses the Net.
10:06 of 2nd period - Slapshot by Juuso Valimaki.
10:06 of 2nd period - Stopped by Vasily Demchenko with a rebound.
10:08 of 2nd period - Slapshot by Jesper Boqvist.
10:08 of 2nd period - Stopped by Vasily Demchenko with a rebound.
10:24 of 2nd period - Snap shot by Givani Smith.
10:24 of 2nd period - Shot Misses the Net.
10:26 of 2nd period - Backhand shot by Zayde Wisdom.
10:26 of 2nd period - Shot Blocked by Trent Frederic.
10:28 of 2nd period - Backhand shot by Zayde Wisdom.
10:28 of 2nd period - Stopped by Vasily Demchenko with a rebound.
10:54 of 2nd period - Minor Penalty to Nikolai Knyzhov for Hooking.
10:55 of 2nd period - Jesper Boqvist wins face-off versus Radim Zohorna in Lowell Devils zone.
11:02 of 2nd period - Snap shot by Jesper Boqvist.
11:02 of 2nd period - Deflect By Radim Zohorna.
11:02 of 2nd period - Shot Misses the Net.
11:02 of 2nd period - Puck is out of play.
11:03 of 2nd period - Jesper Boqvist wins face-off versus Cooper Marody in Lowell Devils zone.
11:12 of 2nd period - Snap shot by Martin Frk.
11:12 of 2nd period - Shot Misses the Net.
11:14 of 2nd period - Slapshot by Juuso Valimaki.
11:14 of 2nd period - Shot Blocked by Brinson Pasichnuk.
12:54 of 2nd period - Penalty to Nikolai Knyzhov is over, Nikolai Knyzhov is back on ice.
13:06 of 2nd period - Nikolai Knyzhov is hit by Givani Smith.
13:17 of 2nd period - Minor Penalty to Zayde Wisdom for Holding.
13:18 of 2nd period - Cole Perfetti wins face-off versus Dryden Hunt in Philadelphia Phantoms zone.
13:22 of 2nd period - Wrist shot by Trent Frederic.
13:22 of 2nd period - Stopped by Cayden Primeau without a rebound.
13:23 of 2nd period - Dryden Hunt wins face-off versus Cole Perfetti in Philadelphia Phantoms zone.
13:23 of 2nd period - Dryden Hunt is hit by Akil Thomas.
13:37 of 2nd period - Slapshot by Evan Bouchard.
13:37 of 2nd period - Shot Misses the Net.
13:39 of 2nd period - Snap shot by Cole Perfetti.
13:39 of 2nd period - Shot Blocked by Jesper Boqvist.
14:17 of 2nd period - Martin Frk is hit by Radim Zohorna and loses puck.
15:17 of 2nd period - Penalty to Zayde Wisdom is over, Zayde Wisdom is back on ice.
15:30 of 2nd period - Chase Priskie is hit by Evan Barratt and loses puck.
15:51 of 2nd period - Snap shot by Vitaly Abramov.
15:51 of 2nd period - Stopped by Cayden Primeau with a rebound.
15:53 of 2nd period - Snap shot by Vitaly Abramov.
15:53 of 2nd period - Shot Misses the Net.
16:31 of 2nd period - Icing by Dennis Cholowski.
16:32 of 2nd period - Cooper Marody wins face-off versus Zayde Wisdom in Philadelphia Phantoms zone.
16:47 of 2nd period - Alec Regula is hit by Trent Frederic and loses puck.
16:54 of 2nd period - Cole Perfetti is hit by Tanner Kero and loses puck.
17:29 of 2nd period - Minor Penalty to Givani Smith for Hooking.
17:30 of 2nd period - Radim Zohorna wins face-off versus Dryden Hunt in Philadelphia Phantoms zone.
19:29 of 2nd period - Penalty to Givani Smith is over, Givani Smith is back on ice.
19:37 of 2nd period - Snap shot by Tanner Kero.
19:37 of 2nd period - Goal by Tanner Kero - Lowell Devils : 1 - Philadelphia Phantoms : 2.
19:38 of 2nd period - Vitaly Abramov wins face-off versus Jesper Boqvist in neutral zone.
19:49 of 2nd period - Off-side.
19:50 of 2nd period - Jesper Boqvist wins face-off versus Cooper Marody in neutral zone.
Goals for this period are 0 for Lowell Devils vs 1 for Philadelphia Phantoms.
Shots for this period are 9 for Lowell Devils vs 11 for Philadelphia Phantoms.

3rd period


0:01 of 3rd period - Cooper Marody wins face-off versus Jesper Boqvist in neutral zone.
0:48 of 3rd period - Evan Bouchard is hit by Dean Kukan and loses puck.
1:11 of 3rd period - Wrist shot by Jesper Boqvist.
1:11 of 3rd period - Stopped by Vasily Demchenko without a rebound.
1:12 of 3rd period - Jesper Boqvist wins face-off versus Lane Pederson in Lowell Devils zone.
1:13 of 3rd period - Snap shot by Martin Frk.
1:13 of 3rd period - Shot Misses the Net.
1:46 of 3rd period - Snap shot by Cole Perfetti.
1:46 of 3rd period - Shot Blocked by Dennis Cholowski.
1:48 of 3rd period - Wrist shot by Cole Perfetti.
1:48 of 3rd period - Stopped by Cayden Primeau with a rebound.
1:50 of 3rd period - Backhand shot by Akil Thomas.
1:50 of 3rd period - Shot Misses the Net.
2:00 of 3rd period - Slapshot by Vitaly Abramov.
2:00 of 3rd period - Shot Misses the Net.
2:02 of 3rd period - Snap shot by Vitaly Abramov.
2:02 of 3rd period - Shot Hit the Post.
2:04 of 3rd period - Slapshot by Nikolai Knyzhov.
2:04 of 3rd period - Shot Blocked by Martin Frk.
2:08 of 3rd period - Wrist shot by Trey Fix-Wolansky.
2:08 of 3rd period - Shot Misses the Net.
2:10 of 3rd period - Wrist shot by Trey Fix-Wolansky.
2:10 of 3rd period - Shot Misses the Net.
2:12 of 3rd period - Snap shot by Trey Fix-Wolansky.
2:12 of 3rd period - Stopped by Cayden Primeau with a rebound.
2:55 of 3rd period - Icing by Zayde Wisdom.
2:56 of 3rd period - Cooper Marody wins face-off versus Zayde Wisdom in Philadelphia Phantoms zone.
3:20 of 3rd period - Wrist shot by Givani Smith.
3:20 of 3rd period - Goal by Givani Smith - Lowell Devils : 1 - Philadelphia Phantoms : 3.
3:21 of 3rd period - Martin Frk wins face-off versus Cooper Marody in neutral zone.
3:56 of 3rd period - Snap shot by Cole Perfetti.
3:56 of 3rd period - Stopped by Cayden Primeau with a rebound.
4:05 of 3rd period - Off-side.
4:06 of 3rd period - Jack Studnicka wins face-off versus Givani Smith in neutral zone.
4:09 of 3rd period - Wrist shot by Vitaly Abramov.
4:09 of 3rd period - Stopped by Cayden Primeau with a rebound.
4:37 of 3rd period - Snap shot by Cole Caufield.
4:37 of 3rd period - Shot Misses the Net.
4:39 of 3rd period - Snap shot by Evan Bouchard.
4:39 of 3rd period - Shot Misses the Net.
4:41 of 3rd period - Snap shot by Brinson Pasichnuk.
4:41 of 3rd period - Stopped by Cayden Primeau without a rebound.
4:42 of 3rd period - Cole Perfetti wins face-off versus Tanner Kero in Philadelphia Phantoms zone.
4:43 of 3rd period - Snap shot by Trent Frederic.
4:43 of 3rd period - Stopped by Cayden Primeau with a rebound.
4:45 of 3rd period - Snap shot by Samuel Bolduc.
4:45 of 3rd period - Shot Misses the Net.
4:47 of 3rd period - Slapshot by Samuel Bolduc.
4:47 of 3rd period - Stopped by Cayden Primeau with a rebound.
4:51 of 3rd period - Wrist shot by Trent Frederic.
4:51 of 3rd period - Stopped by Cayden Primeau without a rebound.
4:52 of 3rd period - Arttu Ruotsalainen wins face-off versus Trent Frederic in Philadelphia Phantoms zone.
4:52 of 3rd period - Arttu Ruotsalainen is hit by Trent Frederic.
5:07 of 3rd period - Off-side.
5:08 of 3rd period - Cooper Marody wins face-off versus Jesper Boqvist in neutral zone.
5:42 of 3rd period - Backhand shot by Cole Perfetti.
5:42 of 3rd period - Stopped by Cayden Primeau with a rebound.
5:44 of 3rd period - Slapshot by Nikolai Knyzhov.
5:44 of 3rd period - Shot Misses the Net.
5:46 of 3rd period - Wrist shot by Akil Thomas.
5:46 of 3rd period - Goal by Akil Thomas - Lowell Devils : 2 - Philadelphia Phantoms : 3.
5:47 of 3rd period - Cooper Marody wins face-off versus Jesper Boqvist in neutral zone.
6:34 of 3rd period - Minor Penalty to Arttu Ruotsalainen for Interference.
6:35 of 3rd period - Cole Perfetti wins face-off versus Dryden Hunt in Philadelphia Phantoms zone.
6:44 of 3rd period - Snap shot by Trent Frederic.
6:44 of 3rd period - Shot Misses the Net.
6:46 of 3rd period - Wrist shot by Trent Frederic.
6:46 of 3rd period - Goal by Trent Frederic - Lowell Devils : 3 - Philadelphia Phantoms : 3.
6:47 of 3rd period - Cooper Marody wins face-off versus Jesper Boqvist in neutral zone.
7:14 of 3rd period - Cole Perfetti is hit by Joey Anderson and loses puck.
7:46 of 3rd period - Snap shot by Vitaly Abramov.
7:46 of 3rd period - Shot Misses the Net.
8:33 of 3rd period - Jack Rathbone is hit by Dean Kukan and loses puck.
8:47 of 3rd period - Icing by Zayde Wisdom.
8:48 of 3rd period - Lane Pederson wins face-off versus Zayde Wisdom in Philadelphia Phantoms zone.
9:29 of 3rd period - Wrist shot by Vitaly Abramov.
9:29 of 3rd period - Stopped by Cayden Primeau with a rebound.
9:31 of 3rd period - Snap shot by Vitaly Abramov.
9:31 of 3rd period - Stopped by Cayden Primeau with a rebound.
10:01 of 3rd period - Wrist shot by Evan Barratt.
10:01 of 3rd period - Stopped by Cayden Primeau with a rebound.
10:03 of 3rd period - Wrist shot by Lane Pederson.
10:03 of 3rd period - Stopped by Cayden Primeau without a rebound.
10:04 of 3rd period - Cooper Marody wins face-off versus Jesper Boqvist in Philadelphia Phantoms zone.
10:31 of 3rd period - Zayde Wisdom is hit by Cole Perfetti.
10:37 of 3rd period - Slapshot by A.J. Greer.
10:37 of 3rd period - Goal by A.J. Greer - Lowell Devils : 3 - Philadelphia Phantoms : 4.
10:38 of 3rd period - Cooper Marody wins face-off versus Jesper Boqvist in neutral zone.
10:57 of 3rd period - Radim Zohorna is hit by Dennis Cholowski and loses puck.
11:20 of 3rd period - Wrist shot by Givani Smith.
11:20 of 3rd period - Stopped by Vasily Demchenko with a rebound.
11:26 of 3rd period - Minor Penalty to Cooper Marody for Tripping.
11:27 of 3rd period - Jesper Boqvist wins face-off versus Vitaly Abramov in Lowell Devils zone.
13:26 of 3rd period - Penalty to Cooper Marody is over, Cooper Marody is back on ice.
13:57 of 3rd period - Off-side.
13:58 of 3rd period - Cole Perfetti wins face-off versus Arttu Ruotsalainen in neutral zone.
14:01 of 3rd period - Snap shot by Trent Frederic.
14:01 of 3rd period - Shot Blocked by Chase Priskie.
14:03 of 3rd period - Snap shot by Akil Thomas.
14:03 of 3rd period - Deflect By Cole Perfetti.
14:03 of 3rd period - Goal by Cole Perfetti - Lowell Devils : 4 - Philadelphia Phantoms : 4.
14:04 of 3rd period - Cooper Marody wins face-off versus Jesper Boqvist in neutral zone.
14:11 of 3rd period - Wrist shot by Radim Zohorna.
14:11 of 3rd period - Goal by Radim Zohorna - Lowell Devils : 5 - Philadelphia Phantoms : 4.
14:12 of 3rd period - Cooper Marody wins face-off versus Jesper Boqvist in neutral zone.
14:38 of 3rd period - Evan Bouchard is hit by Givani Smith and loses puck.
14:43 of 3rd period - Snap shot by A.J. Greer.
14:43 of 3rd period - Stopped by Vasily Demchenko with a rebound.
14:49 of 3rd period - Snap shot by Cole Caufield.
14:49 of 3rd period - Stopped by Cayden Primeau without a rebound.
14:50 of 3rd period - Jesper Boqvist wins face-off versus Cole Perfetti in Philadelphia Phantoms zone.
14:55 of 3rd period - Slapshot by Cole Perfetti.
14:55 of 3rd period - Shot Misses the Net.
15:11 of 3rd period - Minor Penalty to Martin Frk for Tripping.
15:12 of 3rd period - Cooper Marody wins face-off versus Dryden Hunt in Philadelphia Phantoms zone.
15:27 of 3rd period - Wrist shot by Cole Caufield.
15:27 of 3rd period - Stopped by Cayden Primeau with a rebound.
17:11 of 3rd period - Penalty to Martin Frk is over, Martin Frk is back on ice.
17:42 of 3rd period - Brinson Pasichnuk is hit by Joey Anderson.
17:46 of 3rd period - Matthew Phillips is hit by Tanner Kero.
18:53 of 3rd period - Wrist shot by Martin Frk.
18:53 of 3rd period - Shot Misses the Net.
18:55 of 3rd period - Backhand shot by Martin Frk.
18:55 of 3rd period - Shot Misses the Net.
18:57 of 3rd period - Wrist shot by Dryden Hunt.
18:57 of 3rd period - Stopped by Vasily Demchenko with a rebound.
19:01 of 3rd period - Philadelphia Phantoms, Cayden Primeau is pulled from the net.
19:01 of 3rd period - Snap shot by Zayde Wisdom.
19:01 of 3rd period - Goal by Zayde Wisdom - Lowell Devils : 5 - Philadelphia Phantoms : 5.
19:01 of 3rd period - Cayden Primeau from Philadelphia Phantoms was sent back in the game.
19:02 of 3rd period - Jesper Boqvist wins face-off versus Trey Fix-Wolansky in neutral zone.
19:07 of 3rd period - Trey Fix-Wolansky is hit by Dryden Hunt and loses puck.
19:53 of 3rd period - Slapshot by Juuso Valimaki.
19:53 of 3rd period - Stopped by Vasily Demchenko with a rebound.
Goals for this period are 4 for Lowell Devils vs 3 for Philadelphia Phantoms.
Shots for this period are 19 for Lowell Devils vs 8 for Philadelphia Phantoms.

Overtime #1


0:01 of 1st overtime period - Cooper Marody wins face-off versus Dryden Hunt in neutral zone.
0:08 of 1st overtime period - Snap shot by Cooper Marody.
0:08 of 1st overtime period - Shot Blocked by Dennis Cholowski.
0:16 of 1st overtime period - Snap shot by Cooper Marody.
0:16 of 1st overtime period - Stopped by Cayden Primeau with a rebound.
1:00 of 1st overtime period - Jesper Boqvist is hit by Cooper Marody and loses puck.
1:17 of 1st overtime period - Jack Studnicka is hit by Arttu Ruotsalainen and loses puck.
2:29 of 1st overtime period - Jesper Boqvist is hit by Vitaly Abramov and loses puck.
2:42 of 1st overtime period - Cooper Marody is hit by Dennis Cholowski and loses puck.
2:56 of 1st overtime period - Icing by Samuel Bolduc.
2:57 of 1st overtime period - Cole Caufield wins face-off versus Zayde Wisdom in Lowell Devils zone.
3:26 of 1st overtime period - Evan Bouchard is hit by Martin Frk and loses puck.
3:54 of 1st overtime period - Icing by Evan Bouchard.
3:55 of 1st overtime period - Jesper Boqvist wins face-off versus Jack Studnicka in Lowell Devils zone.
4:48 of 1st overtime period - Martin Frk is hit by Nikolai Knyzhov and loses puck.
4:55 of 1st overtime period - Nikolai Knyzhov is hit by A.J. Greer.
Goals for this period are 0 for Lowell Devils vs 0 for Philadelphia Phantoms.
Shots for this period are 1 for Lowell Devils vs 0 for Philadelphia Phantoms.

ShootOut


5:00 of 1st overtime period - Round #1.
5:00 of 1st overtime period - Lowell Devils, Cooper Marody.
5:00 of 1st overtime period - Wrist shot by Cooper Marody.
5:00 of 1st overtime period - Stopped by Cayden Primeau.
5:00 of 1st overtime period - Philadelphia Phantoms, Dryden Hunt.
5:00 of 1st overtime period - Deke by Dryden Hunt.
5:00 of 1st overtime period - Stopped by Vasily Demchenko.
5:00 of 1st overtime period - Round #2.
5:00 of 1st overtime period - Lowell Devils, Radim Zohorna.
5:00 of 1st overtime period - Wrist shot by Radim Zohorna.
5:00 of 1st overtime period - Stopped by Cayden Primeau.
5:00 of 1st overtime period - Philadelphia Phantoms, Jesper Boqvist.
5:00 of 1st overtime period - Deke by Jesper Boqvist.
5:00 of 1st overtime period - Goal by Jesper Boqvist.
5:00 of 1st overtime period - Round #3.
5:00 of 1st overtime period - Lowell Devils, Cole Caufield.
5:00 of 1st overtime period - Wrist shot by Cole Caufield.
5:00 of 1st overtime period - Stopped by Cayden Primeau.